 Dungeon Crawl Stone Soup version 0.29.1-2-gbd0b4ee654 (webtiles) character file.

Game seed: 9536735209563876967

67 firemarshallily the Sneak (level 4, -1/30 HPs)
             Began as an Octopode Brigand on Nov 5, 2022.
             Was a Believer of Cheibriados.
             Slain by an orc
             ... wielding a +0 dagger
              (2 damage)
             ... on level 3 of the Dungeon.
             The game lasted 00:03:26 (2118 turns).

firemarshallily the Sneak (Octopode Brigand)        Turns: 2118, Time: 00:03:29

Health: -1/30      AC:  1    Str: 15    XL:     4   Next: 18%
Magic:  13/13      EV: 13    Int: 18    God:    Cheibriados [**....]
Gold:   111        SH:  0    Dex: 20    Spells: 3/3 levels left

rFire   . . .      SeeInvis .   a - +2 dagger
rCold   . . .      Faith    +   (no shield)
rNeg    . . .      Spirit   .   (helmet restricted)
rPois   +          Reflect  .   p - amulet of faith
rElec   .          Harm     .   h - ring of poison resistance
rCorr   .          Rampage  .   s - ring of magical power
Will    .....                   (no ring)
Stlth   +++++.....              (no ring)
HPRegen 0.10/turn               (no ring)
MPRegen 0.13/turn               (no ring)
                                (no ring)
                                (no ring)

@: brilliant, very slow
A: almost no armour, amphibious, 8 rings, camouflage 1, gelatinous body 1,
(nimble swimmer 1), tentacles
a: Renounce Religion, Bend Time


You were on level 3 of the Dungeon.
You worshipped Cheibriados.
Cheibriados was pleased with you.
You visited 1 branch of the dungeon, and saw 3 of its levels.

You collected 111 gold pieces.

Inventory:

Hand Weapons
 a - a +2 dagger (weapon)
Missiles
 b - 12 poisoned darts (quivered)
 c - 3 curare-tipped darts
 t - 2 atropa-tipped darts
Jewellery
 h - a ring of poison resistance (left tentacle)
 p - an amulet of faith (around mantle)
 s - a ring of magical power (right tentacle)
Wands
 u - a wand of charming (6)
Scrolls
 d - a scroll of butterflies {unknown}
 e - 4 scrolls of identify {unknown}
 g - a scroll of enchant armour {unknown}
 j - a scroll of blinking {unknown}
 k - a scroll of magic mapping {unknown}
 l - a scroll of enchant weapon {unknown}
 m - a scroll of silence {unknown}
 q - a scroll of noise {unknown}
Potions
 i - 2 potions of haste {unknown}
 n - a potion of flight {unknown}
 o - a potion of curing {unknown}
 r - a potion of lignification {unknown}
 v - a potion of mutation {unknown}


   Skills:
 + Level 2.4 Fighting
 * Level 3.0 Short Blades
 - Level 2.0 Throwing
 + Level 1.6 Dodging
 * Level 6.1 Stealth


You had 3 spell levels left.
You didn't know any spells.
Your spell library contained the following spells:

 Spells                   Type           Power      Damage    Failure   Level
 Blink                    Tloc           0%         N/A       32%         2
 Ignite Poison            Fire/Tmut/Pois 0%         N/A       54%         3
 Lesser Beckoning         Tloc           0%         N/A       54%         3
 Mephitic Cloud           Conj/Pois/Air  0%         N/A       54%         3
 Ozocubu's Armour         Ice            0%         N/A       54%         3
 Freezing Cloud           Conj/Ice/Air   0%         6-21      99%         5
 Manifold Assault         Tloc           0%         N/A       99%         5
 Ozocubu's Refrigeration  Ice            0%         4d7       100%        7


Dungeon Overview and Level Annotations

Branches:
Dungeon (3/15)

Altars:
Cheibriados

Shops:
D:1 :


Innate Abilities, Weirdness & Mutations

You cannot wear most types of armour.
You are amphibious.
You can wear up to eight rings at the same time.
Your skin changes colour to match your surroundings (Stealth+).
Your rubbery body absorbs attacks. (AC +1, EV +1)
((You are camouflaged when in or above water. (Stealth+)))
You have tentacles for arms and can constrict up to eight enemies at once.


Message History

You constrict the orc.
You kill the orc!
Cheibriados appreciates the change of pace.
You constrict the orc, but do no damage.
The orc misses you. The orc closely misses you.
The orc shouts!
You hit the orc. Your grab misses the orc. You squeeze the orc.
The orc is almost dead.
You constrict the orc, but do no damage.
The orc closely misses you. The orc hits you with a +0 dagger.
The orc barely misses you.
You hit the orc but do no damage. Your grab misses the orc.
The orc is almost dead.
You constrict the orc, but do no damage.
The orc barely misses you. The orc hits you with a +0 dagger.
The orc barely misses you.
You hit the orc. You grab the orc.
The orc is moderately wounded.
You constrict the orc, but do no damage. x2
The orc closely misses you.
The orc hits you from afar with a +0 trident.
The orc hits you with a +0 dagger. The orc barely misses you.
The orc closely misses you.
You hit the orc.
The orc is heavily wounded.
You constrict the orc. x2; The orc hits you with a +0 whip.
* * * LOW HITPOINT WARNING * * *
The orc misses you. The orc hits you with a +0 dagger.
* * * LOW HITPOINT WARNING * * *
The orc hits you from afar with a +0 trident.
* * * LOW HITPOINT WARNING * * *
The orc barely misses you.
It was a potion of brilliance.
You feel clever all of a sudden.
You constrict the orc.
You kill the orc!
Cheibriados appreciates the change of pace.
Cheibriados raises the support of your attributes as your movement slows.
You constrict the orc. The orc hits you with a +0 dagger.
You die...

#### ...... ..... ......
..... ....# #...###....#
.# #.........#...
..#####...........#
....... #....###..#
.......##@o#.#....#
........)oo#....#.#
##.........oo.>...... ..
[...........o..###. .#
...........)..####
####.##.................
#.....................####
.........####.............
..........................


You could see 6 orcs.

Vanquished Creatures
  An adder (D:2)
  A dart slug (D:2)
  2 worms (D:2)
  4 orcs (D:3)
  7 endoplasms
  A giant cockroach (D:2)
  5 goblins
  2 hobgoblins (D:1)
  4 quokkas
  6 ball pythons
  4 bats
  A frilled lizard (D:2)
  2 kobolds (D:3)
  8 rats
48 creatures vanquished.

Notes
Turn   | Place    | Note
-------+----------+-------------------------------------------
     0 | D:1      | firemarshallily the Octopode Brigand began the quest for
                  | the Orb.
     0 | D:1      | Reached XP level 1. HP: 14/14 MP: 1/1
    43 | D:1      | Reached XP level 2. HP: 14/19 MP: 2/2
   766 | D:1      | Found a faded altar of an unknown god.
   811 | D:1      | Found Donic's Book Shop.
  1170 | D:1      | Prayed at the altar of an unknown god.
  1170 | D:1      | Became a worshipper of Cheibriados the Contemplative
  1170 | D:1      | Reached * piety under Cheibriados
  1233 | D:2      | Reached XP level 3. HP: 22/24 MP: 3/3
  1630 | D:2      | Reached skill level 6 in Stealth
  1983 | D:2      | Reached ** piety under Cheibriados
  1987 | D:2      | Reached XP level 4. HP: 30/30 MP: 4/4
  2117 | D:3      | HP: 1/30 [orc/+0 trident (2)]
  2118 | D:3      | Slain by an orc

Illustrated notes

Levels and vault maps discovered:
D:1:      saegor_arrival_under_anarchy, layout_basic, serial_shops,
          nicolae_shop_temple_entry_statues_fountains,
          hellmonk_ecumenical_altar_zigzags, minmay_liquid_box,
          minmay_heptomino_o4
D:2:      layout_basic, kennysheep_potato
D:3:      layout_rooms, st_stairs_14

Skill      XL: |  1  2  3  4 |
---------------+-------------+-----
Stealth        | 6 |  6.1
Short Blades   | 3 |  3.0
Fighting       | |  2.4
Throwing       | |  2.0
Dodging        | |  1.6

Action                   |  1- 3 |  4- 6 || total
-------------------------+-------+-------++-------
Melee: Dagger            |    61 |    15 ||    76
       Constrict         |    12 |     6 ||    18
       Tentacles         |     8 |     5 ||    13
       Punch             |     1 |       ||     1
  Use: Potion            |       |     1 ||     1
 Stab: Sleeping          |    20 |     2 ||    22
Armor: Skin              |     4 |       ||     4
Dodge: Dodged            |    32 |    18 ||    50
